 Dungeon Crawl Stone Soup version 0.26.1-11-gd32895ea62 (webtiles) character file.

Game seed: 10194228214582049297

44 Goaboa the Sneak (level 3, 0/23 HPs)
             Began as an Octopode Hedge Wizard on May 19, 2021.
             Was an Initiate of Kikubaaqudgha.
             Slain by a worm (12 damage)
             ... on level 2 of the Dungeon.
             The game lasted 00:07:26 (1634 turns).

Goaboa the Sneak (Octopode Hedge Wizard)            Turns: 1634, Time: 00:07:27

Health: 0/23       AC:  1    Str:  9    XL:     3   Next: 60%
Magic:  7/7        EV: 13    Int: 16    God:    Kikubaaqudgha [......]
Gold:   42         SH:  0    Dex: 12    Spells: 5/8 levels left

rFire    . . .     SeeInvis .   c - +1 dagger (elec)
rCold    . . .     Faith    .   (no shield)
rNeg     . . .     Spirit   .   b - +0 hat
rPois    .         Reflect  .   (no amulet)
rElec    .         Harm     .   (no ring)
rCorr    .         Rampage  .   (no ring)
Will     .....                  (no ring)
Stlth    +++.......             (no ring)
HPRegen  0.07/turn              (no ring)
MPRegen  0.10/turn              (no ring)
                                (no ring)
                                (no ring)

@: no status effects
A: almost no armour, stealthy swim, amphibious, 8 rings, constrict 8, camouflage
1, gelatinous body 1
a: Renounce Religion


You were on level 2 of the Dungeon.
You worshipped Kikubaaqudgha.
Kikubaaqudgha was noncommittal.
You visited 1 branch of the dungeon, and saw 2 of its levels.

You collected 42 gold pieces.

Inventory:

Hand Weapons
 a - a +0 dagger
 c - a +1 dagger of electrocution (weapon)
Armour
 b - a +0 hat (worn)
Scrolls
 g - a scroll of identify {unknown}
Potions
 d - 2 potions of curing {unknown}
 e - a potion of invisibility {unknown}
 f - 2 potions of brilliance {unknown}
 h - a potion of flight {unknown}


   Skills:
 + Level 1.3 Fighting
 + Level 2.5 Dodging
 + Level 3.5 Stealth
 - Level 3.0 Spellcasting
 - Level 1.0 Conjurations
 - Level 1.0 Summonings
 + Level 1.8 Translocations


You had 5 spell levels left.
You knew the following spells:

 Your Spells              Type           Power        Failure   Level
a - Magic Dart            Conj           20%          12%         1
b - Blink                 Tloc           N/A          14%         2

Your spell library contained the following spells:

 Spells                   Type           Power        Failure   Level
 Pain                     Necr           8%           19%         1
 Call Imp                 Summ           5%           19%         2
 Slow                     Hex            2%           28%         2
 Conjure Flame            Conj/Fire      4%           41%         3
 Mephitic Cloud           Conj/Pois/Air  3%           43%         3


Dungeon Overview and Level Annotations

Branches:
Dungeon (2/15)

Altars:
Kikubaaqudgha
Sif Muna
Vehumet


Innate Abilities, Weirdness & Mutations

You cannot wear most types of armour.
You are very stealthy in the water. (Stealth+)
You are amphibious.
You can wear up to eight rings at the same time.
You can use your tentacles to constrict eight enemies at once.
Your skin changes colour to match your surroundings (Stealth+).
Your rubbery body absorbs attacks. (AC +1, EV +1)


Message History

You see here a runed hunting sling.
You see here a runed hunting sling.
You see here a worm corpse.
Found a scale mail.
A goblin comes into view. It is wielding a +0 club.
A worm comes into view.
The goblin shouts!
The goblin completely misses you.
You hit the goblin.
You kill the goblin!
Kikubaaqudgha accepts your kill.
A worm is nearby!
The worm bites you!
You barely miss the worm. You grab the worm. You constrict the worm.
You hit the worm but do no damage. You squeeze the worm.
The worm is lightly wounded.
You constrict the worm. The worm bites you!
Ouch! That really hurt!
You die...
Kikubaaqudgha rasps: "You have failed me!
Welcome... death!"

........##†## ....
.......##.##..# ....
...........)###.# ##...
..####..#......# ##....
#.# ##.##.###..
......###.### #.##.# #..
.........[..###..#.# ##.
......w............# ##
.......@.....###...# #.
..#######..........####.
#..#.##.##......
#....)##.##......###
#.######.#####.### #
#...###.### #
###..##...# # ##....#.#
# ##...#####


You could see a worm.

Vanquished Creatures
  A worm (D:2)
  3 dart slugs
  4 bats (D:1)
  3 giant cockroaches
  4 goblins
  9 hobgoblins
  2 kobolds
  2 frilled lizards (D:1)
  2 rats (D:1)
30 creatures vanquished.

Notes
Turn   | Place    | Note
-------+----------+-------------------------------------------
     0 | D:1      | Goaboa the Octopode Hedge Wizard began the quest for the
                  | Orb.
     0 | D:1      | Reached XP level 1. HP: 11/11 MP: 4/4
   766 | D:1      | Reached XP level 2. HP: 18/18 MP: 6/6
  1070 | D:1      | Reached skill level 1 in Fighting
  1081 | D:1      | Reached XP level 3. HP: 23/23 MP: 7/7
  1093 | D:1      | Learned a level 2 spell: Blink
  1502 | D:2      | Found an ancient bone altar of Kikubaaqudgha.
  1502 | D:2      | Found a shimmering blue altar of Sif Muna.
  1504 | D:2      | Found a radiant altar of Vehumet.
  1506 | D:2      | Identified Kikubaaqudgha's Reference Book on Black Magic
  1531 | D:2      | Became a worshipper of Kikubaaqudgha
  1634 | D:2      | Slain by a worm

Illustrated notes

Levels and vault maps discovered:
D:1:      minmay_arrival_cross, layout_basic
D:2:      layout_rooms, grunt_temple_overflow_magic_moments, minmay_pentomino_s2

Skill      XL: |  1  2 |
---------------+-------+-----
Stealth        | 3 |  3.5
Fighting       | 1 |  1.3
Dodging        | |  2.5
Spellcasting   | |  3.0
Conjurations   | |  1.0
Summonings     | |  1.0
Translocations | |  1.8

Action                   || total
-------------------------++-------
Melee: Dagger            ||    54
       Constrict         ||    14
       Tentacles         ||     6
 Stab: Sleeping          ||     7
Armor: Skin              ||     6
Dodge: Dodged            ||    32
